 Dungeon Crawl Stone Soup version 0.27-a0-906-g0a00ce863d (webtiles) character file.

Game seed: 12490376722994804815

289 mhtbhm the Cudgeller (level 6, -3/39 HPs)
             Began as a Gargoyle Berserker on Apr 7, 2021.
             Was a Believer of Trog.
             Slain by an iguana (9 damage)
             ... on level 3 of the Dungeon.
             The game lasted 00:02:35 (2710 turns).

mhtbhm the Cudgeller (Gargoyle Berserker)           Turns: 2710, Time: 00:02:36

Health: -3/39      AC: 15    Str: 23    XL:     6   Next: 31%
Magic:  6/6        EV: 10    Int:  7    God:    Trog [**....]
Gold:   39         SH:  0    Dex:  9    Spells: 5/5 levels left

rFire    . . .     SeeInvis .   a - +0 mace
rCold    . . .     Faith    .   (no shield)
rNeg     + . .     Spirit   .   b - +0 scale mail
rPois    ∞         Reflect  .   (no helmet)
rElec    +         Harm     .   j - scarf {shadows}
rCorr    .         Rampage  .   (no gloves)
Will     .....                  (no boots)
Stlth    ..........             (no amulet)
HPRegen  0.13/turn              m - +4 ring of protection
MPRegen  0.10/turn              (no ring)

@: on berserk cooldown, slowed, very slow
A: AC +4, negative energy resistance 1, electricity resistance, torment
resistance 1, unbreathing 1, petrification resistance
a: Renounce Religion, Berserk, Trog's Hand


You were on level 3 of the Dungeon.
You worshipped Trog.
Trog was pleased with you.
You visited 1 branch of the dungeon, and saw 3 of its levels.

You collected 39 gold pieces.

Inventory:

Hand Weapons
 a - a +0 mace (weapon)
Armour
 b - a +0 scale mail (worn)
 j - a scarf of shadows (worn)
Jewellery
 m - a +4 ring of protection (left hand)
Scrolls
 f - a scroll of fog
Potions
 c - a potion of brilliance {unknown}
 e - a potion of curing {unknown}
 h - a potion of flight {unknown}
 i - a potion of lignification {unknown}
 k - a potion of resistance {unknown}
 l - a potion of might {unknown}


   Skills:
 + Level 4.3 Fighting
 + Level 5.5 Maces & Flails
 + Level 2.6 Armour
 + Level 2.5 Dodging
 + Level 1.0 Stealth


You had 5 spell levels left.
You didn't know any spells.
Your spell library was empty.

Dungeon Overview and Level Annotations

Branches:
Dungeon (3/15)

Altars:
Okawaru

Shops:
D:1 [

Portals:
Sewer: D:3


Innate Abilities, Weirdness & Mutations

Your stone body is resilient. (AC +4)
You are immune to poison.
You resist negative energy. (rN+)
You are resistant to electric shocks. (rElec)
You are resistant to unholy torment.
You can survive without breathing.
You are immune to petrification.


Message History

The river rat is almost dead.
The rat barely misses you. The river rat misses you.
The rat completely misses you.
You barely miss the river rat.
The river rat is almost dead.
The river rat closely misses you.
The iguana bites you but does no damage.
The rat bites you but does no damage. The river rat barely misses you.
The iguana bites you but does no damage.
The rat barely misses you.
You barely miss the iguana.
The river rat bites you but does no damage.
The iguana closely misses you. The rat bites you but does no damage.
The river rat bites you but does no damage.
The iguana bites you but does no damage.
The rat barely misses you.
Your scale mail prevents you from hitting the iguana.
The river rat bites you.
The iguana bites you but does no damage.
The rat bites you but does no damage. The river rat completely misses you.
You hit the iguana.
The iguana is lightly wounded.
The rat bites you but does no damage. The iguana bites you!
* * * LOW HITPOINT WARNING * * *
The river rat bites you but does no damage.
The iguana bites you but does no damage.
The rat misses you. The iguana barely misses you.
The river rat barely misses you.
You hit the river rat but do no damage.
The river rat is almost dead.
The iguana closely misses you. The river rat bites you.
* * * LOW HITPOINT WARNING * * *
The iguana barely misses you.
Unknown command.
You closely miss the river rat.
The river rat is almost dead.
The river rat closely misses you. The iguana bites you.
* * * LOW HITPOINT WARNING * * *
The river rat barely misses you. The iguana bites you!
You die...

#######
#∩≈≈≈≈#
#≈≈≈≈.#
#≈≈≈≈.#
#≈)≈..#
#r†...#
#r###.#
#@l...#
#####.#


You could see an iguana, a river rat and a rat.

Vanquished Creatures
  Sigmund (D:2)
  Terence (D:2)
  An orc wizard (D:3)
  An adder (D:2)
  A river rat (D:3)
  An ufetubus (D:2)
  3 worms (D:2)
  2 dart slugs (D:1)
  2 orcs (D:3)
  5 ball pythons
  3 endoplasms
  A giant cockroach (D:1)
  5 goblins
  3 hobgoblins (D:1)
  A quokka (D:1)
  A bat (D:1)
  11 kobolds
  3 rats (D:1)
46 creatures vanquished.

Notes
Turn   | Place    | Note
-------+----------+-------------------------------------------
     0 | D:1      | mhtbhm the Gargoyle Berserker began the quest for the Orb.
     0 | D:1      | Reached XP level 1. HP: 14/14 MP: 1/1
    27 | D:1      | Found Lora's Armour Shoppe.
   489 | D:1      | Reached XP level 2. HP: 19/19 MP: 2/2
   976 | D:1      | Reached XP level 3. HP: 24/24 MP: 3/3
  1509 | D:2      | Found a faded altar of an unknown god.
  1901 | D:2      | Noticed Terence
  1913 | D:2      | Killed Terence
  1914 | D:2      | Reached skill level 4 in Maces & Flails
  1914 | D:2      | Reached XP level 4. HP: 23/29 MP: 4/4
  2084 | D:2      | Found an iron altar of Okawaru.
  2279 | D:2      | Noticed Sigmund
  2288 | D:2      | Killed Sigmund
  2288 | D:2      | Reached ** piety under Trog
  2289 | D:2      | Reached skill level 5 in Maces & Flails
  2289 | D:2      | Reached skill level 1 in Stealth
  2289 | D:2      | Reached XP level 5. HP: 33/33 MP: 5/5
  2289 | D:2      | Reached XP level 6. HP: 38/38 MP: 6/6
  2676 | D:3      | Found a glowing drain.
  2710 | D:3      | Slain by an iguana

Illustrated notes

Levels and vault maps discovered:
D:1:      minmay_arrival_open_corners, layout_loops_corners, serial_shops,
          nicolae_shop_crystal, hangedman_decor_points
D:2:      layout_loops_ring, ebering_ecumenical_altar_ruins, basic_altar,
          minmay_door_square, uniq_sigmund, uniq_terence
D:3:      layout_rooms, portal_sewer_entry_b, amcnicky_mini_rare_corridor_liquid

Skill      XL: |  1  2  3  4 |
---------------+-------------+-----
Dodging        | 2 |  2.5
Maces & Flails | 4 5 |  5.5
Fighting       | 4 |  4.3
Stealth        | 1 |  1.0
Armour         | |  2.6

Action                   |  1- 3 |  4- 6 || total
-------------------------+-------+-------++-------
Melee: Mace              |   112 |    73 ||   185
Invok: Berserk           |     2 |     2 ||     4
  Use: Scroll            |       |     2 ||     2
Armor: Animal skin       |    35 |       ||    35
       Scale mail        |       |    63 ||    63
Dodge: Dodged            |    84 |    63 ||   147

Table legend: (Time is in decaauts)
 A = Elapsed time spent in this place.
 B = Non-inter-level travel time spent in this place.
 C = Inter-level travel time spent in this place.
 D = Time resting spent in this place.
 E = Time spent auto-exploring this place.
 F = Levels seen in this place.
 G = Mean time per level.
                   A        B        C        D        E       F      G
               +--------+--------+--------+--------+--------+-----+--------+
         Total |   2772 |   2772 |      0 |    436 |   1849 |   3 |  924.0 |
       Dungeon |   2772 |   2772 |      0 |    436 |   1849 |   3 |  924.0 |
               +--------+--------+--------+--------+--------+-----+--------+

Top non-repeatable levels by time:
     D:1: 1390 daAuts
     D:2: 1338 daAuts
     D:3: 43 daAuts
